Map: Blackpink LE

Players

DaNa

  • Race: Zerg Zerg
  • Spawn Location: 7:00

Trap - Winner!

  • Race: Protoss Protoss
  • Spawn Location: 1:00

Event: IEM Season 12 - Katowice

VOD

Have the link to the VOD?

Description

Time

  • Played on: Feb. 27, 2018, 8:55 a.m.
  • Length: 7:11

All games in this series

Show
View Real Time Build Order
Export as new Build Order

DaNa Zerg 

Build Orders: Hatch First 

Get SALT Encoding   

  12  0:00  Drone  
  13  0:12  Overlord  
  13  0:17  Drone  
  14  0:30  Drone x2  
  14  0:34  Drone  
  17  0:53  Hatchery  
  17  0:55  Drone  
  17  0:58  Drone  
  18  1:08  Extractor  
  17  1:15  Spawning Pool  
  17  1:16  Drone  
  17  1:20  Drone  
  18  1:28  Drone  
  19  1:46  Drone, Hatchery  
  19  1:50  Drone  
  20  2:00  Drone  
  21  2:04  Queen  
  23  2:08  Drone  
  23  2:11  Drone  
  25  2:16  Metabolic Boost  
  25  2:23  Overlord  
  25  2:26  Drone  
  25  2:29  Drone  
  27  2:32  Zergling x2  
  28  2:41  Queen  
  28  2:42  Zergling x2  
  31  2:45  Drone  
  31  2:49  Drone  
  33  2:54  Drone  
  33  2:58  Queen, Overlord  
  36  3:00  Drone  
  36  3:05  Drone  
  38  3:11  Zergling x2  
  39  3:13  Zergling x4  
  39  3:14  Drone  
  39  3:17  Overlord  
  39  3:18  Drone  
  43  3:21  Drone  
  43  3:22  Drone  
  45  3:29  Drone  
  45  3:31  Overlord  
  45  3:32  Drone  
  47  3:39  Drone  
  48  3:41  Drone x2  
  48  3:46  Lair  
  48  3:47  Drone x3  
  48  3:48  Spore Crawler  
  52  3:50  Drone  
  52  3:52  Drone, Spore Crawler  
  53  3:57  Spore Crawler, Extractor  
  53  3:58  Drone  
  53  3:59  Extractor  
  53  4:01  Drone  
  53  4:02  Drone  
  53  4:04  Drone x2  
  53  4:06  Overlord  
  56  4:11  Overlord  
  56  4:14  Spore Crawler, Overlord  
  55  4:19  Overlord  
  55  4:25  Drone  
  55  4:27  Drone x2, Extractor  
  55  4:28  Drone  
  55  4:29  Drone  
  55  4:30  Drone x2  
  61  4:35  Drone x2  
  63  4:43  Overlord  
  62  4:46  Hydralisk Den  
  62  4:52  Drone x3  
  61  4:55  Zergling x14  
  61  4:56  Drone x3  
  71  5:05  Overlord  
  71  5:06  Overlord  
  71  5:07  Zergling x2  
  71  5:13  Overlord  
  72  5:14  Overlord  
  72  5:16  Hydralisk x2, Muscular Augments  
  72  5:17  Hydralisk  
  72  5:21  Hydralisk  
  78  5:22  Zergling x2  
  78  5:27  Hydralisk  
  78  5:28  Zergling x6  
  84  5:40  Hydralisk x4  
  92  5:46  Overlord  
  92  5:47  Hydralisk  
  94  5:52  Hydralisk, Zergling x2  
  94  5:53  Zergling x6  
  88  6:00  Zergling x2  
  85  6:05  Zergling x4  
  82  6:11  Hydralisk x2  
  82  6:12  Hydralisk  
  78  6:25  Zergling x2  
  78  6:26  Zergling x16  
  78  6:30  Queen  
  88  6:34  Hydralisk  
  88  6:35  Zergling x4  
  92  6:42  Hydralisk x2  
  92  6:43  Zergling x2  
  96  6:52  Zergling x2  
  96  6:53  Zergling x8  
Show
View Real Time Build Order
Export as new Build Order

Trap Protoss - Winner!

Build Orders: 1 Gate Expand, Oracle Opening, Phoenix Opening 

Get SALT Encoding   

  12  0:00  Probe  
  13  0:12  Probe  
  14  0:20  Pylon  
  14  0:25  Probe  
  15  0:38  Probe (Chrono Boost)  
  16  0:45  Gateway  
  16  0:47  Probe (Chrono Boost)  
  16  0:48  Assimilator  
  17  0:52  Probe (Chrono Boost)  
  18  1:04  Probe  
  19  1:16  Probe  
  20  1:25  Nexus  
  20  1:34  Cybernetics Core  
  20  1:38  Probe  
  21  1:45  Assimilator  
  21  1:50  Probe  
  22  1:57  Pylon  
  22  2:02  Probe  
  23  2:14  Adept (Chrono Boost)  
  23  2:15  Probe  
  26  2:19  Stargate  
  26  2:26  Warp Gate  
  26  2:27  Probe (Chrono Boost)  
  27  2:33  Stalker  
  29  2:37  Probe (Chrono Boost)  
  29  2:39  Probe (Chrono Boost)  
  31  2:47  Probe (Chrono Boost)  
  31  2:48  Probe (Chrono Boost)  
  33  2:52  Probe (Chrono Boost)  
  33  2:54  Probe  
  35  3:03  Probe, Adept  
  38  3:05  Oracle (Chrono Boost)  
  38  3:06  Probe  
  42  3:16  Probe  
  42  3:18  Probe, Pylon  
  44  3:27  Gateway  
  44  3:28  Probe  
  44  3:30  Probe  
  46  3:36  Phoenix (Chrono Boost)  
  48  3:41  Gateway  
  48  3:42  Probe  
  48  3:43  Probe  
  50  3:54  Twilight Council  
  50  3:55  Probe x2  
  52  4:02  Pylon  
  52  4:07  Probe x2  
  52  4:08  Pylon  
  54  4:20  Probe x2, Assimilator  
  54  4:21  Assimilator  
  54  4:23  Resonating Glaives (Chrono Boost)  
  56  4:27  Pylon  
  56  4:32  Probe  
  56  4:35  Adept x2  
  56  4:36  Adept  
  56  4:37  Pylon  
  63  4:54  Nexus  
  63  4:57  Adept x3  
  69  5:03  Pylon  
  69  5:07  Robotics Facility  
  69  5:08  Probe x2  
  71  5:21  Adept x2  
  71  5:22  Adept  
  77  5:41  Gateway  
  77  5:43  Adept x3, Gateway  
  77  5:45  Gateway  
  75  6:01  Immortal (Chrono Boost)  
  79  6:05  Pylon  
  79  6:08  Gateway  
  79  6:12  Gateway  
  77  6:21  Sentry x3  
  80  6:30  Probe x3, Immortal (Chrono Boost)  
  83  6:36  Forge  
  87  6:44  Shield Battery  
  87  6:45  Sentry x3  
  87  6:46  Adept x3  
  99  7:08  Adept x6  

Tags
 
Add a new tag
Caveats
  • Supply blocks, unpowered buildings, or Contaminate may cause inaccurate times.
  • Supply counts are checked every 10 seconds.